 Dungeon Crawl Stone Soup version 0.25-a0-681-gdf4e720381 (webtiles) character file.

Game seed: 2492997562062292715, levelgen mode: deterministic

16 Glundar the Conjurer (level 2, 0/20 HPs)
             Began as a Gnoll Conjurer on Mar 30, 2020.
             Succumbed to a hobgoblin's poison
             ... on level 1 of the Dungeon.
             The game lasted 00:03:19 (448 turns).

Glundar the Conjurer (Gnoll Conjurer)                Turns: 448, Time: 00:03:20

Health: 0/20       AC:  2    Str: 10    XL:     2   Next: 58%
Magic:  7/7        EV: 14    Int: 17    God:
Gold:   24         SH:  0    Dex: 15    Spells: 7/10 levels left

rFire    . . .     SeeInvis .   b - +0 hunting sling
rCold    . . .     Gourm    .   (no shield)
rNeg     . . .     Faith    .   a - +0 robe
rPois    .         Spirit   .   (no helmet)
rElec    .         Reflect  .   (no cloak)
rCorr    .         Harm     .   (no gloves)
MR       .....                  (no boots)
Stlth    +++.......             (no amulet)
HPRegen  0.06/turn              (no ring)
MPRegen  0.10/turn              (no ring)

@: lethally poisoned (0 -> -13)
A: distributed training, fangs 1, strong nose
a: no special abilities


You were on level 1 of the Dungeon.
You were full.

You visited 1 branch of the dungeon, and saw 1 of its levels.

You collected 24 gold pieces.

Inventory:

Hand Weapons
 b - a +0 hunting sling (weapon)
Missiles
 e - 32 stones (quivered)
Armour
 a - a +0 robe (worn)
Comestibles
 d - 5 chunks of flesh


   Skills:
 + Level 0.4 Fighting
 + Level 0.4 Short Blades
 + Level 0.4 Long Blades
 + Level 0.4 Axes
 + Level 0.4 Maces & Flails
 + Level 0.4 Polearms
 + Level 0.4 Staves
 + Level 0.4 Slings
 + Level 0.4 Bows
 + Level 0.4 Crossbows
 + Level 0.4 Throwing
 + Level 0.4 Armour
 + Level 4.5 Dodging
 + Level 4.1 Stealth
 + Level 0.4 Shields
 + Level 0.4 Unarmed Combat
 + Level 4.9 Spellcasting
 + Level 7.0 Conjurations
 + Level 0.2 Hexes
 + Level 0.2 Charms
 + Level 0.2 Summonings
 + Level 0.2 Necromancy
 + Level 0.2 Translocations
 + Level 0.2 Transmutations
 + Level 0.2 Fire Magic
 + Level 0.2 Ice Magic
 + Level 0.2 Air Magic
 + Level 0.2 Earth Magic
 + Level 0.2 Poison Magic
 + Level 0.5 Invocations
 + Level 0.4 Evocations


You had 7 spell levels left.
You knew the following spells:

 Your Spells              Type           Power        Failure   Level  Hunger
a - Magic Dart            Conj           ####         1%          1    None
b - Searing Ray           Conj           ####..       1%          2    #......

Your spell library contained the following spells:

 Spells                   Type           Power        Failure   Level  Hunger
 Dazzling Flash           Conj/Hex       ###...       10%         3    ###....
 Fulminant Prism          Conj/Hex       ###.......   30%         4    ####...
 Iskenderun's Mystic Bla  Conj/Tloc      ###.....     30%         4    ####...


Dungeon Overview and Level Annotations

Branches:
Dungeon (1/15)

Altars:


Innate Abilities, Weirdness & Mutations

Your experience applies equally to all skills.
You have very sharp teeth.
Your uncanny sense of smell can sniff out nearby items.


Message History

The poisoned dart hits you!
You are more poisoned.
You see here a poisoned dart.
You feel sick.
* * * LOW HITPOINT WARNING * * *
You feel sick.
* * * LOW HITPOINT WARNING * * *
You feel sick.
* * * LOW HITPOINT WARNING * * *
You feel sick.
You aren't carrying any potions.
* * * LOW HITPOINT WARNING * * *
You feel sick.
* * * LOW HITPOINT WARNING * * *
You feel sick.
* * * LOW HITPOINT WARNING * * *
You feel sick.
You aren't carrying any scrolls.
You eat the ration.
That ration really hit the spot!
You die...

...>..# #.###########
......... #...........#
###...... #.......#.###
###......# ##...##.#.#
.......### #####....#.##
....>..### #...#.##.#..#
....#....##
###..##.##.#..#
#......####.....#.##.##.##
#......#..#.#@.##.##.....#
#......(..#..#....########
##......#.###.######
#....####.....# #..###
####### ###g.# .g(..#
.(.#....# ..##......


There were no monsters in sight!

Vanquished Creatures
  A leopard gecko (D:1)
  5 bats (D:1)
  2 giant cockroaches (D:1)
  A goblin (D:1)
  2 hobgoblins (D:1)
  A ball python (D:1)
  A frilled lizard (D:1)
  A kobold (D:1)
  A rat (D:1)
15 creatures vanquished.

Notes
Turn   | Place    | Note
-------+----------+-------------------------------------------
     0 | D:1      | Glundar the Gnoll Conjurer began the quest for the Orb.
     0 | D:1      | Reached XP level 1. HP: 13/13 MP: 6/6
    88 | D:1      | Reached XP level 2. HP: 19/19 MP: 3/7
   133 | D:1      | Learned a level 2 spell: Searing Ray
   447 | D:1      | HP: 1/20 [poisoned by a hobgoblin]
   448 | D:1      | Succumbed to a hobgoblin's poison

Levels and vault maps discovered:
D:1:      lightli_arrival_flooded_house, layout_basic, minmay_crystal_room

Action                   || total
-------------------------++-------
 Cast: Magic Dart        ||    24
       Searing Ray       ||     1
  Eat: Ration            ||     1
Dodge: Dodged            ||     3

Table legend:
 A = Non-vault XP
 B = Vault XP
 C = Vault XP percentage of total XP
 D = Non-vault monster count
 E = Vault monster count
 F = Vault count percentage of total count
                 A         B        C        D         E       F
            +---------+---------+-------+---------+---------+-------
      Total |      24 |       0 |   0.0 |      15 |       0 |   0.0
            +---------+---------+-------+---------+---------+-------
        D:1 |      24 |       0 |   0.0 |      15 |       0 |   0.0
            +---------+---------+-------+---------+---------+-------
